AoeStats
← [JaMx] K@l-El

Arena

509005734Analyzed
4v4 RM · 8d ago on Sep 25, 2026· 46m 47s· 8 players
Game mode
Random Map
Map size
Large (8 player)
Population
200
Speed
Normal
Resources
Standard
Victory
Conquest
Starting age
Dark Age
Ending age
Imperial Age
RankedLock teamsTeams togetherTeam positionsShared explorationLock speedFull tech treeHidden civsTurbo modeCheats
Victory
Defeat
🇦🇷 Magyars · Argentina
1462
+12
🇲🇽 Saxons · Mexico
1398
+14
🇨🇳 Tatars · China
1392
+15
🇺🇸 Britons · United States
1353
+16
🇲🇽 Khmer · Mexico
1401
-16
1375
-15
🇲🇽 Cumans · Mexico
1343
-13
🇲🇽 Slavs · Mexico
1326
-13
:) YO30830
9:00 Feudal Age
10:14 Double-Bit Axe
15:43 Castle Age
13:54 Horse Collar
14:25 Gold Mining
17:38 Loom
18:04 Bow Saw
33:27 Imperial Age
32:25 Scale Mail Armor
32:35 Forging
32:40 Gambesons
32:56 Squires
34:16 Chain Mail Armor
34:37 Iron Casting
33:31 Elite Varangian Guard
33:59 Shield Wall
35:31 Capped Ram
37:19 Wheelbarrow
37:42 Arson
38:13 Siege Ram
44:30 Plate Mail Armor
44:22 Conscription
el manuck
4:25 Loom
10:34 Feudal Age
11:02 Town Watch
13:13 Man-at-Arms
14:34 Forging
16:06 Scale Mail Armor
18:55 Double-Bit Axe
25:04 Castle Age
23:11 Horse Collar
24:53 Gold Mining
26:17 Bow Saw
26:07 Heavy Plow
27:09 Fletching
27:48 Padded Archer Armor
28:07 Bodkin Arrow
35:44 Ballistics
38:52 Wheelbarrow
43:17 Imperial Age
41:10 Padded Archer Armor
41:08 Treadmill Crane
41:21 Crossbowman
42:56 Leather Archer Armor
43:19 Arbalester
43:59 Bracer
45:03 Chemistry
45:40 Ring Archer Armor
46:32 Yeomen
45:43 Capped Ram
苏东坡的粉丝
10:53 Feudal Age
15:05 Castle Age
13:26 Double-Bit Axe
14:05 Horse Collar
14:40 Gold Mining
15:24 Crossbowman
18:20 Fletching
23:25 Loom
23:53 Bow Saw
24:22 Stone Mining
30:06 Wheelbarrow
31:12 Fortified Wall
37:29 Imperial Age
35:37 Ballistics
35:59 Hand Cart
36:28 Bodkin Arrow
36:33 Padded Archer Armor
38:11 Heavy Cavalry Archer
39:38 Bracer
40:31 Leather Archer Armor
42:02 Chemistry
43:57 Bloodlines
43:48 Husbandry
44:58 Ring Archer Armor
46:58 Guilds
PocaChota
11:07 Feudal Age
14:52 Castle Age
12:50 Double-Bit Axe
13:49 Horse Collar
16:21 Bow Saw
20:13 Fervor
22:19 Heavy Plow
27:37 Wheelbarrow
26:48 Loom
30:46 Imperial Age
28:28 Treadmill Crane
30:01 Corvinian Army
29:53 Gold Mining
30:38 Scale Barding Armor
31:53 Chain Barding Armor
31:01 Elite Magyar Huszar
31:51 Stone Mining
32:36 Gold Shaft Mining
32:42 Conscription
33:34 Plate Barding Armor
33:01 Husbandry
34:08 Two-Man Saw
33:41 Fletching
34:53 Chemistry
34:14 Ballistics
35:07 Hand Cart
34:50 Bodkin Arrow
36:49 Bracer
39:38 Hoardings
39:17 Masonry
40:05 Bloodlines
42:39 Arson
42:22 Pikeman
43:03 Halberdier
43:29 Arson
44:03 Scale Mail Armor
45:37 Chain Mail Armor
47:14 Caravan
[JaMx] K@l-El
10:49 Feudal Age
14:48 Castle Age
13:33 Double-Bit Axe
14:44 Forging
14:47 Horse Collar
19:34 Husbandry
25:19 Iron Casting
26:34 Scale Barding Armor
31:18 Bloodlines
34:54 Imperial Age
32:44 Heavy Plow
32:56 Bow Saw
33:39 Wheelbarrow
32:50 Town Watch
33:09 Gold Mining
33:11 Stone Mining
33:23 Loom
34:48 Chain Barding Armor
35:53 Hand Cart
37:10 Blast Furnace
37:32 Plate Barding Armor
38:05 Elite Boyar
41:08 Crop Rotation
41:39 Two-Man Saw
[JaMx] McLovin
6:17 Loom
8:43 Feudal Age
9:59 Double-Bit Axe
23:51 Wheelbarrow
24:58 Gold Mining
28:39 Castle Age
28:49 Capped Ram
31:42 Hand Cart
38:28 Imperial Age
36:43 Gold Shaft Mining
37:55 Fletching
38:06 Padded Archer Armor
39:56 Heated Shot
39:35 Heavy Cavalry Archer
40:43 Parthian Tactics
40:24 Thumb Ring
40:50 Bodkin Arrow
41:11 Leather Archer Armor
42:03 Chemistry
42:00 Onager
44:50 Hoardings
45:29 Ring Archer Armor
45:44 Onager
sgt peppers s
6:15 Loom
9:18 Feudal Age
9:20 Man-at-Arms
18:46 Double-Bit Axe
19:42 Scale Mail Armor
21:19 Wheelbarrow
21:22 Forging
22:38 Horse Collar
27:36 Castle Age
28:10 Loom
29:52 Iron Casting
28:41 Long Swordsman
38:56 Hand Cart
|FMG| Donde Estan Mis 5 Pizzas
10:25 Feudal Age
14:10 Castle Age
13:41 Stone Mining
13:33 Horse Collar
13:41 Double-Bit Axe
17:06 Wheelbarrow
16:27 Loom
18:40 Town Watch
24:58 Forging
25:43 Scale Mail Armor
31:06 Imperial Age
29:20 Bow Saw
30:37 Hand Cart
30:23 Town Patrol
31:48 Fletching
32:15 Chain Mail Armor
33:40 Bodkin Arrow
34:21 Iron Casting
34:53 Conscription
35:42 Squires
35:28 Arson
35:04 Elite Varangian Guard
35:53 Pikeman
37:42 Gambesons
40:12 Blast Furnace
39:42 Plate Mail Armor
39:14 Bracer
39:15 Padded Archer Armor
39:38 Ballistics
39:14 Murder Holes
40:21 Chemistry
39:14 Halberdier
45:36 Leather Archer Armor
45:59 Hoardings
46:39 Masonry
46:20 Elite Skirmisher
47:05 Thumb Ring
Connection lost

Rejoining the realm…

Still unreachable

The connection could not be restored.

Session expired

The server has moved on; the page needs a fresh start.